 Dungeon Crawl Stone Soup version 0.30-b1-2-g02819fbbbe (webtiles) character file.

Game seed: 15930459521029267198

17601 Arcadio the Tainter (level 12, -3/225 HPs)
             Began as a Naga Venom Mage on May 20, 2023.
             Was a High Priest of Lugonu.
             Slain by a slime creature (13 damage)
             ... on level 11 of the Dungeon.
             The game lasted 01:26:01 (17365 turns).

Arcadio the Tainter (Naga Venom Mage)              Turns: 17365, Time: 01:26:02

Health: -3/225     AC: 26    Str: 12    XL:     12   Next: 49%
Magic:  20/25      EV:  1    Int: 17    God:    Lugonu [*****.]
Gold:   593        SH:  0    Dex: 14    Spells: 16/29 levels left

rFire   . . .        a - +2 scimitar (freeze)
rCold   + . .        (no shield)
rNeg    . . .        T - melded +0 steam dragon scales
rPois   +            p - melded +0 helmet
rElec   .            u - melded +0 cloak
rCorr   +            (gloves currently unavailable)
SInv    +            (no barding)
Will    +....        M - amulet of regeneration Stlth
                     q - ring of protection from cold
HPRegen 1.37/turn    V - ring of resist corrosion
MPRegen 0.19/turn

%: no passive effects
@: berserking, tree-form, very quick
A: stationary, stasis, torment immunity, boosted hp, AC +4, large, see
invisible, (deformed body), (poison resistance), (slowness 2), spit poison 1,
(naga tail 1)
a: Spit Poison, Renounce Religion, Depart the Abyss, Banish, Corrupt, Enter the
Abyss


You were on level 11 of the Dungeon.
You worshipped Lugonu.
Lugonu was extremely pleased with you.
You were a tree.
You visited 3 branches of the dungeon, and saw 15 of its levels.
You also visited: Ossuary.

You collected 663 gold pieces.
You spent 70 gold pieces at shops.

Inventory:

Hand Weapons
 a - a +2 scimitar of freezing (weapon)
 b - a +5 antimagic sling
 v - the +2 hand axe "ETAOIN SHRDLU" {flame, rF+ rC+ Int-2 Dex+7}
   (You found it on level 3 of the Dungeon)

   Int:       It affects your intelligence (-2).
   Dex:       It affects your dexterity (+7).
   rF:        It protects you from fire.
   rC:        It protects you from cold.
 B - a +2 falchion of holy wrath
 P - the +1 sling of Pyuwump {flame, rF++ Will++ Str-2}
   (You found it on level 2 of the Dungeon)

   Str:       It affects your strength (-2).
   rF:        It greatly protects you from fire.
   Will:      It greatly increases your willpower.
 R - a +4 long sword
 S - a +2 vampiric short sword
Missiles
 W - a throwing net
Armour
 p - a +0 helmet (melded)
 u - a +0 cloak (melded)
 A - a scarf of repulsion
 T - +0 steam dragon scales (melded)
Jewellery
 f - a ring of flight
 g - a ring of positive energy
 q - a ring of protection from cold (left branch)
 J - an amulet of faith
 M - an amulet of regeneration (around neck)
 N - an amulet of the acrobat
 V - a ring of resist corrosion (right branch)
Wands
 h - a wand of flame (8)
 H - a wand of polymorph (7)
 L - a wand of digging (2)
 O - a wand of charming (6)
Scrolls
 d - 4 scrolls of teleportation
 i - 3 scrolls of poison
 j - 2 scrolls of amnesia
 m - a scroll of fog
 n - 2 scrolls of blinking
 s - 2 scrolls of enchant weapon
 w - 8 scrolls of fear
 y - 3 scrolls of brand weapon
 z - a scroll of acquirement {unknown}
 E - 2 scrolls of vulnerability {unknown}
 K - a scroll of magic mapping
Potions
 e - 3 potions of curing
 k - 4 potions of lignification
 l - 3 potions of magic
 o - 3 potions of brilliance
 C - 2 potions of attraction {unknown}
 D - 3 potions of flight
 F - 3 potions of haste {unknown}
 G - a potion of berserk rage
 Q - 4 potions of degeneration {unknown}
 U - a potion of ambrosia {unknown}
Miscellaneous
 c - a lightning rod (4/4)


   Skills:
 - Level 4.6 Fighting
 + Level 9.9 Dodging
 - Level 4.8 Stealth
 - Level 9.0 Spellcasting
 - Level 1.0 Transmutations
 + Level 14.9 Poison Magic
 + Level 6.4 Invocations


You had 16 spell levels left.
You knew the following spells:

 Your Spells              Type           Power      Damage    Failure   Level
a - Sting                 Tmut/Pois      100%       1d8       1%          1
b - Poisonous Vapours     Pois/Air       64%        N/A       1%          2
c - Olgreb's Toxic Radia  Pois           55%        N/A       1%          4
d - Mephitic Cloud        Conj/Pois/Air  24%        N/A       3%          3
e - Spider Form           Tmut/Pois      34%        N/A       1%          3

Your spell library contained the following spells:

 Spells                   Type           Power      Damage    Failure   Level
 Beastly Appendage        Tmut           22%        N/A       6%          1
 Apportation              Tloc           14%        N/A       10%         1
 Freeze                   Ice            28%        1d5       10%         1
 Necrotise                Necr           28%        1d5       10%         1
 Slow                     Hex            28%        N/A       10%         1
 Summon Small Mammal      Summ           28%        N/A       10%         1
 Wereblood                Tmut           11%        N/A       10%         2
 Alistair's Intoxication  Tmut/Pois      22%        N/A       10%         5
 Passwall                 Tmut/Erth      7%         N/A       12%         2
 Ensorcelled Hibernation  Hex/Ice        14%        N/A       14%         2
 Call Canine Familiar     Summ           7%         N/A       28%         3
 Confusing Touch          Hex            7%         N/A       28%         3
 Frozen Ramparts          Ice            14%        1d3       28%         3
 Hailstorm                Conj/Ice       7%         3d4       28%         3
 Ozocubu's Armour         Ice            7%         N/A       28%         3
 Summon Guardian Golem    Hex/Summ       7%         N/A       28%         3
 Swiftness                Air            7%         N/A       28%         3
 Vampiric Draining        Necr           7%         2d6       28%         3
 Petrify                  Tmut/Erth      9%         N/A       58%         4
 Anguish                  Hex/Necr       3%         N/A       67%         4
 Manifold Assault         Tloc           7%         N/A       67%         4
 Blade Hands              Tmut           5%         N/A       86%         5
 Irradiate                Conj/Tmut      4%         3d13      91%         5
 Agony                    Necr           7%         N/A       95%         5
 Freezing Cloud           Conj/Ice/Air   3%         6-21      95%         5
 Metabolic Englaciation   Hex/Ice        3%         N/A       95%         5
 Dispersal                Tloc           3%         N/A       100%        6
 Simulacrum               Ice/Necr       3%         N/A       100%        6
 Statue Form              Tmut/Erth      6%         N/A       100%        6
 Dragon Form              Tmut           5%         N/A       100%        7
 Enfeeble                 Hex            3%         N/A       100%        7
 Disjunction              Tloc           3%         N/A       100%        8


Dungeon Overview and Level Annotations

Branches:
Dungeon (12/15) Zot: 26909  Temple (1/1) D:6 Zot: 5778    Lair (2/5) D:8 Zot: 9528
Ossuary (visited)
  Swamp: Lair:2-3    Shoals: Lair:2-3     Snake: Lair:2-3    Spider: Lair:2-3
    Orc: D:9-12

Altars:
Ashenzari
Cheibriados
Dithmenos
Elyvilon
Fedhas
Gozag
Hepliaklqana
Kikubaaqudgha
Makhleb
Nemelex Xobeh
Okawaru
Qazlal
Ru
Sif Muna
Trog
Uskayaw
Vehumet
Wu Jian
Xom
Yredelemnul
Zin
Lugonu

Shops:
D:6 ?

Annotations:
D:10 exclusion: two-headed ogre, Josephine
Abyss:1 Grinder


Innate Abilities, Weirdness & Mutations

You are a tree.
Your roots penetrate the ground, keeping you stationary.
You cannot be teleported.
You are immune to unholy pain and torment.
Your maximum health is greatly increased.
Your equipment is partially melded.
((Your serpentine skin is tough. (AC +4)))
You have supernaturally acute eyesight. (SInv)
((Armour fits poorly on your strangely shaped body.))
((Your system is resistant to poisons. (rPois)))
((You cover ground very slowly.))
You can spit poison.
((You have a snake-like lower body.))


Message History

The slime creature hits you. The yak misses you.
The slime creature hits you but does no damage.
The yak gores you.
You hit the yak but do no damage.
The yak is almost dead.
You kill the yak!
Lugonu accepts your kill. The slime creature hits you!
You slash the slime creature! You freeze the slime creature.
The slime creature is lightly wounded.
You kill the yak!
Lugonu accepts your kill.
The slime creature hits you! x2; The slime creature closely misses you.
Two slime creatures merge to form a large slime creature.
The slime creature hits you but does no damage.
Really quaff the potion of lignification?
You turn into a tree.
Your +0 cloak melds into your body.
Your +0 helmet melds into your body.
Your +0 steam dragon scales melds into your body.
Your roots penetrate the ground.
The slime creature hits you but does no damage.
You hit the large slime creature. You freeze the large slime creature.
The large slime creature is lightly wounded.
The large slime creature hits you but does no damage.
The slime creature hits you.
You barely miss the large slime creature.
The large slime creature is lightly wounded.
The slime creature hits you. The large slime creature hits you!
* * * LOW HITPOINT WARNING * * *
You feel better. The large slime creature hits you!
* * * LOW HITPOINT WARNING * * *
The slime creature hits you!
* * * LOW HITPOINT WARNING * * *
You feel better. The slime creature barely misses you.
The large slime creature hits you!
* * * LOW HITPOINT WARNING * * *
Okay, then.
A red film seems to cover your vision as you go berserk!
You feel yourself moving faster!
You feel mighty! The slime creature hits you!
You die...

############## #)..J♣J......#
#### ********#.##########.# #...
*<,,,,,,,,,,,,,,,,*#.# #...
***,,,,*,**,**,*#>#.##W### #...
**,,,,,,*,**,**,#$........#####.#
*,,,,,,,,,,*,**,.Y...............
*,,,,,,,,,,*,**,YY...............
*,,,,,,,,,,,,,,,.............#..#
**,,,,,,*,**,**,....~.......##..#


You could see a large slime creature and a slime creature.

Vanquished Creatures
  Nergalle (Lair:1)
  Pikel (D:6)
  A deep elf pyromancer (D:11)
  5 elephants (Lair:1)
  Joseph (D:9)
  A rime drake (Lair:1)
  An unseen horror zombie (D:8)
  2 komodo dragons (Lair:1)
  2 trolls
  Prince Ribbit (D:8)
  3 blink frogs (Lair:2)
  A meliai zombie (D:11)
  3 wraiths
  3 wyverns
  22 yaks
  A basilisk (Lair:2)
  A steam dragon (D:6)
  8 water moccasins
  An ice beast (D:7)
  4 orc warriors
  4 black bears
  2 ogres
  A sky beast (D:7)
  6 wolves (Lair:2)
  2 lemures (D:6)
  2 centaurs (D:8)
  A kobold brigand (D:8)
  A phantom (D:6)
  A gnoll sergeant (D:8)
  4 necrophages (D:8)
  7 bullfrogs
  2 scorpions
  3 elf zombies (Ossuary)
  15 wights
  2 howler monkeys
  A centaur zombie (D:8)
  3 jellies
  2 human zombies
  Crazy Yiuf (D:2)
  9 orc priests
  4 hounds
  3 iguanas (D:6)
  A sleepcap (D:7)
  11 orc wizards
  2 howler monkey zombies (D:8)
  2 mummies (Ossuary)
  Robin (D:1)
  15 gnolls
  4 adders (D:6)
  A shadow imp (D:5)
  A white imp (D:5)
  3 adder zombies (Ossuary)
  A worm (D:4)
  5 dart slugs
  46 orcs
  3 ball pythons
  5 bats
  6 endoplasms
  2 giant cockroaches
  16 goblins
  8 hobgoblins
  5 jackals
  5 quokkas
  3 frilled lizards
  2 goblin zombies (Ossuary)
  9 hobgoblin zombies (Ossuary)
  2 jackal zombies (Ossuary)
  10 kobolds
  8 kobold zombies (Ossuary)
  9 orc zombies (Ossuary)
  A rat (D:2)
326 creatures vanquished.

Vanquished Creatures (collateral kills)
  A polar bear (Lair:2)
  A blink frog (Lair:2)
  A water moccasin (Lair:2)
3 creatures vanquished.

Vanquished Creatures (others)
  8 fungi
  14 plants
22 creatures vanquished.

Grand Total: 351 creatures vanquished

Notes
Turn   | Place    | Note
-------+----------+-------------------------------------------
     0 | D:1      | Arcadio the Naga Venom Mage began the quest for the Orb.
     0 | D:1      | Reached XP level 1. HP: 15/15 MP: 3/3
   460 | D:1      | Reached XP level 2. HP: 24/24 MP: 0/5
   667 | D:1      | Found a faded altar of an unknown god.
   685 | D:1      | Reached skill level 1 in Fighting
   874 | D:1      | Prayed at the altar of an unknown god.
   874 | D:1      | Became a worshipper of Lugonu the Unformed
   874 | D:1      | Reached * piety under Lugonu
  1018 | D:1      | Learned a level 2 spell: Poisonous Vapours
  1029 | D:1      | Reached XP level 3. HP: 10/31 MP: 6/6
  1573 | D:2      | Identified the +1 sling of Pyuwump {flame, rF++ Will++
                  | Str-2}
  1841 | D:2      | Noticed Robin
  1949 | D:1      | Killed Robin
  2305 | D:2      | Reached XP level 4. HP: 33/39 MP: 7/7
  2429 | D:2      | Reached ** piety under Lugonu
  2693 | D:2      | Found a runed translucent door.
  2694 | D:2      | Noticed Crazy Yiuf
  2939 | D:2      | Killed Crazy Yiuf
  3093 | D:3      | Found a broken altar of Ashenzari.
  3095 | D:3      | Identified the +2 hand axe "ETAOIN SHRDLU" {flame, rF+ rC+
                  | Int-2 Dex+7}
  3222 | D:3      | Reached XP level 5. HP: 45/45 MP: 8/8
  3355 | D:3      | Learned a level 4 spell: Olgreb's Toxic Radiance
  3683 | D:3      | Reached XP level 6. HP: 43/55 MP: 3/9
  4204 | D:4      | Noticed Grinder
  4251 | D:4      | Reached skill level 5 in Poison Magic
  4310 | D:4      | Reached *** piety under Lugonu
  4722 | D:4      | Found a blossoming altar of Fedhas.
  4834 | D:4      | Banished Grinder
  4835 | D:4      | Reached XP level 7. HP: 33/63 MP: 5/12
  4993 | D:5      | Entered Level 5 of the Dungeon
  5186 | D:5      | Found a sand-covered staircase.
  5195 | Ossuary  | Entered an ossuary
  5269 | Ossuary  | Reached skill level 6 in Poison Magic
  5441 | Ossuary  | Reached XP level 8. HP: 62/72 MP: 13/13
  5532 | D:5      | Learned a level 3 spell: Mephitic Cloud
  5536 | D:5      | Learned a level 3 spell: Spider Form
  5639 | D:5      | Found a hide-covered altar of Uskayaw.
  5639 | D:5      | Found a radiant altar of Vehumet.
  5701 | D:5      | Reached skill level 7 in Poison Magic
  5877 | D:5      | Found a bloodstained altar of Trog.
  6142 | D:5      | Found an ornate altar of the Wu Jian Council.
  6161 | D:5      | Reached skill level 5 in Spellcasting
  6214 | D:5      | Reached skill level 5 in Dodging
  6275 | D:5      | Reached skill level 8 in Poison Magic
  6638 | D:6      | Reached XP level 9. HP: 49/79 MP: 9/16
  6712 | D:6      | Found a white marble altar of Elyvilon.
  6811 | D:6      | Found a staircase to the Ecumenical Temple.
  6843 | D:6      | Reached **** piety under Lugonu
  6857 | Temple   | Entered the Ecumenical Temple
  7834 | D:6      | Found The Oracle's Delphic Readings.
  7841 | D:6      | Bought a scroll of identify for 28 gold pieces
  7841 | D:6      | Bought a scroll of teleportation for 42 gold pieces
  8474 | D:7      | Reached skill level 9 in Poison Magic
  9438 | D:7      | Noticed Pikel
  9634 | D:6      | Killed Pikel
  9972 | D:7      | Reached skill level 10 in Poison Magic
 10320 | D:6      | Reached XP level 10. HP: 46/83 MP: 20/20
 10765 | D:7      | Found an ancient bone altar of Kikubaaqudgha.
 10765 | D:7      | Found a burning altar of Makhleb.
 10959 | D:8      | Found a stormy altar of Qazlal.
 11514 | D:8      | Found a staircase to the Lair.
 11630 | D:8      | Reached skill level 11 in Poison Magic
 11693 | D:8      | Found a basalt altar of Yredelemnul.
 11959 | D:8      | Found a shimmering blue altar of Sif Muna.
 12178 | D:8      | Noticed Prince Ribbit
 12185 | D:8      | Killed Prince Ribbit
 12864 | D:8      | Found a sparkling altar of Nemelex Xobeh.
 12983 | Lair:1   | Entered Level 1 of the Lair of Beasts
 13003 | Lair:1   | Reached skill level 12 in Poison Magic
 13195 | D:8      | Reached XP level 11. HP: 49/93 MP: 6/23
 13530 | Lair:1   | Reached ***** piety under Lugonu
 14026 | Lair:1   | Reached skill level 13 in Poison Magic
 14026 | Lair:1   | Reached skill level 1 in Invocations
 14645 | Lair:2   | Noticed a four-headed hydra
 14660 | Lair:2   | Noticed Nergalle
 14677 | Lair:1   | Killed Nergalle
 14784 | Lair:2   | Banished a four-headed hydra
 15294 | Lair:2   | Noticed a death yak
 15653 | D:9      | Noticed Joseph
 15665 | D:9      | Killed Joseph
 15666 | D:9      | Reached skill level 14 in Poison Magic
 15666 | D:9      | Reached XP level 12. HP: 48/100 MP: 19/25
 15777 | D:9      | Reached skill level 5 in Invocations
 16465 | D:10     | Entered Level 10 of the Dungeon
 16476 | D:10     | Noticed a death knight
 16632 | D:10     | Found a shadowy altar of Dithmenos.
 16717 | D:10     | Noticed Josephine
 16772 | D:10     | Noticed a two-headed ogre
 16858 | D:10     | Found a shimmering altar of Xom.
 17364 | D:11     | HP: 5/150 [large slime creature (17)]
 17365 | D:11     | Slain by a slime creature

Illustrated notes

Levels and vault maps discovered:
D:1:      kilobyte_arrival_exit_the_forest, layout_loops_cross,
          hellmonk_ecumenical_altar_pennies_from_heaven, st_stairs_4
D:2:      layout_basic, grunt_ministairs_4, uniq_crazy_yiuf_cottage, uniq_robin
D:3:      layout_loops_ring, evilmike_ruin_ashenzari, kennysheep_generic_room_11
D:4:      layout_gridville, fedhas_altar_4, uniq_grinder
D:5:      layout_cave_pools, gammafunk_temple_overflow_wave,
          mainiacjoe_overflow_cross_hatched, trog_ov_bears_minmay,
          nicolae_ossuary_entry_monument, kennysheep_path_1,
          minmay_increasing_density
D:6:      layout_cave_pods, elyvilon_altar_5,
          minmay_temple_entry_gardened_gates, nicolae_nh_oracle_at_delphi
D:7:      layout_basic, amethyst_overflow_temple_binary, serial_rivers,
          chequers_serial_rivers_micro_b, chequers_serial_rivers_micro_a,
          chequers_serial_rivers_marsh, chequers_serial_rivers_room_b,
          uniq_pikel
D:8:      layout_cave_pods, nicolae_qazlal_general_emergency,
          mainiacjoe_overflow_small_starburst,
          lemuel_mausoleum_altar_yredelemnul, nemelex_diamond_rough_becter,
          dpeg_oklobed_lair, nicolae_two_hexagons, minmay_fractal_squares_5,
          uniq_prince_ribbit1
D:9:      layout_gridville, nrook_loot_triangle, uniq_joseph
D:10:     layout_rooms, nicolae_tso_swordbearing_angel,
          grunt_dithmenos_smoke_and_mirrors, mainiacjoe_overflow_alcove_1,
          serial_glass, glass_columns_c, glass_columns_b, minivault_23,
          uniq_harold, uniq_josephine, uniq_sonja
D:11:     layout_loops_ring, serial_undead, serial_undead_a, serial_undead_f,
          serial_undead_f, serial_undead_d, nicolae_sif_muna_little_library
D:12:     layout_basic
Temple:   nicolae_temple_bog_church
Lair:1:   layout_regular_city, grunt_megastairs_5
Lair:2:   nzn_winding_woodlands_cross
          [nzn_winding_woodlands_5x15_pathside_ponds,
          nzn_winding_woodlands_5x15_sidewinder,
          nzn_winding_woodlands_5x15_jagged,
          nzn_winding_woodlands_5x15_sawtooth,
          nzn_winding_woodlands_15x15_eel_pit], layout_big_grid,
          lemuel_fruit_tree, uniq_nergalle

Skill      XL: |  1  2  3  4  5  6  7  8  9 10 11 12 |
---------------+-------------------------------------+-----
Fighting       | 1 2 3 4 |  4.6
Dodging        | 2 3 4 5 6 7 9 |  9.9
Stealth        | 4 |  4.8
Poison Magic   | 5 6 8 10 12 14 | 14.9
Spellcasting   | 3 5 6 8 9 |  9.0
Invocations    | 4 6 |  6.4
Transmutations | |  1.0

Action                     |  1- 3 |  4- 6 |  7- 9 | 10-12 || total
---------------------------+-------+-------+-------+-------++-------
  Melee: Unarmed           |    17 |       |       |    21 ||    38
         Dagger            |    27 |       |       |       ||    27
         Short sword       |       |    29 |   108 |    30 ||   167
         Falchion          |       |       |   150 |   203 ||   353
         Punch             |       |       |     6 |     4 ||    10
         Scimitar          |       |       |       |   151 ||   151
   Fire: Sling             |    17 |    77 |    24 |    10 ||   128
   Cast: Sting             |    37 |    37 |   114 |    79 ||   267
         Olgreb's Toxic Ra |       |     1 |    21 |    48 ||    70
         Poisonous Vapours |       |       |     3 |    30 ||    33
         Spider Form       |       |       |       |     5 ||     5
 Invoke: Banish            |       |     1 |       |     3 ||     4
Ability: Spit Poison       |    10 |    10 |    14 |    17 ||    51
  Evoke: Wand              |       |       |       |    19 ||    19
    Use: Scroll            |       |     4 |     6 |    14 ||    24
         Potion            |       |       |     1 |    10 ||    11
   Stab: Sleeping          |     2 |       |     5 |     6 ||    13
 Armour: Robe              |    33 |    23 |    73 |       ||   129
         Steam dragon scal |       |       |    16 |   169 ||   185
         Skin              |       |       |       |     3 ||     3
  Dodge: Dodged            |    74 |    32 |   189 |   453 ||   748
